 Dungeon Sprint DCSS version 0.29-a0-512-gf59ac788ac (webtiles) character file.

Game seed: 9274163092817084789

3142 mhtbhm the Severer (level 9, -11/145 HPs)
             Began as a Minotaur Berserker on May 29, 2022.
             Was a High Priest of Trog.
             Mangled by an orc warrior
             ... wielding a +0 long sword
              (17 damage)
             ... while paralysed by an orc sorcerer
             ... in the Dungeon (Sprint III: "The Ten Rune Challenge").
             The game lasted 00:02:16 (2497 turns).

mhtbhm the Severer (Minotaur Berserker)             Turns: 2497, Time: 00:02:16

Health: -11/145    AC:  2    Str: 28    XL:     9   Next: 61%
Magic:  8/8        EV:  2    Int:  4    God:    Trog [*****.]
Gold:   22         SH:  0    Dex: 10    Spells: 8/8 levels left

rFire   . . .      SeeInvis .   a - +0 hand axe
rCold   . . .      Faith    .   (no shield)
rNeg    . . .      Spirit   .   b - +0 animal skin
rPois   .          Reflect  .   (helmet restricted)
rElec   .          Harm     .   (no cloak)
rCorr   .          Rampage  .   (no gloves)
Will    .....      NoTele   +   (no boots)
Stlth   ..........              (no amulet)
HPRegen 0.34/turn               (no ring)
MPRegen 0.11/turn               (no ring)

@: paralysed, berserking (expiring)
A: horns 2, retaliatory headbutt, mutation resistance 1, strong 1, wild magic 1
a: Renounce Religion, Berserk, Trog's Hand, Brothers in Arms


You were in the Dungeon.
You worshipped Trog.
Trog was extremely pleased with you.
You visited 1 branch You collected 22 gold pieces.

Inventory:

Hand Weapons
 a - a +0 hand axe (weapon)
Armour
 b - a +0 animal skin (worn)
Wands
 j - a wand of flame (13)
Scrolls
 h - a scroll of blinking
 l - a scroll of poison {unknown}
 m - 3 scrolls of identify
 o - a scroll of torment {unknown}
Potions
 c - 3 potions of curing
 d - a potion of heal wounds
 e - 2 potions of haste
 f - 2 potions of magic
 g - a potion of berserk rage
 i - a potion of invisibility {unknown}
 k - a potion of mutation
 n - 2 potions of flight
 p - a potion of brilliance {unknown}
 r - 2 potions of resistance {unknown}
Miscellaneous
 q - a phial of floods


   Skills:
 + Level 15.4 Fighting
 + Level 17.5 Axes
 + Level 6.1 Armour
 + Level 11.0 Dodging
 + Level 2.4 Stealth


You had 8 spell levels left.
You didn't know any spells.
Your spell library was empty.

Dungeon Overview and Level Annotations

Branches:
Dungeon (1/1)

Altars:
Cheibriados
Dithmenos
Elyvilon
Fedhas
Gozag
Hepliaklqana
Kikubaaqudgha
Makhleb
Nemelex Xobeh
Okawaru
Qazlal
Ru
Sif Muna
Trog
Uskayaw
Vehumet
Wu Jian
Xom
Yredelemnul
Zin
The Shining One
Beogh
Jiyva
Lugonu

Shops:
D (


Innate Abilities, Weirdness & Mutations

You have a pair of horns on your head.
You reflexively headbutt those who attack you in melee.
You are somewhat resistant to further mutation.
Your muscles are strong. (Str +2)
Your spells are a little harder to cast, but a little more powerful.


Message History

You see here 9 gold pieces.
A red film seems to cover your vision as you go berserk!
You feel yourself moving faster!
You feel mighty!
An orc knight comes into view.
It is wielding a +1 broad axe of electrocution.
The orc warrior closely misses you.
Unknown command.
The orc knight shouts!
You slice the orc sorcerer!!
The orc sorcerer is severely wounded.
The orc warrior hits you from afar with a +0 trident!
The orc priest mumbles some strange prayers to Beogh against you.
Beogh smites you!
You slash the orc!
You kill the orc!
Trog accepts your kill.
You slash the orc sorcerer!
Found 44 gold pieces.
Found Wena's Antique Weapon Emporium.
The orc sorcerer casts a spell.
The orc knight roars a battlecry!
The orcs go into a battle-frenzy!
The orc warrior misses you. You furiously retaliate!
You headbutt the orc warrior!
The orc sorcerer points at you and mumbles some strange words.
You suddenly lose the ability to move!
The orc sorcerer hits you with a +0 dagger.
The orc warrior hits you with a +0 trident!!
The orc warrior hits you with a +0 mace!
The orc wizard grunts loudly, as Orcs often do.
The orc sorcerer casts a spell.
The orc warrior hits you with a +0 trident!
The orc warrior hits you with a +0 mace!
The orc sorcerer barely misses you.
The ynoxinul gestures.
The orc warrior hits you with a +0 trident!!
* * * LOW HITPOINT WARNING * * *
The orc warrior hits you with a +0 mace.
* * * LOW HITPOINT WARNING * * *
The orc hits you with a +0 morningstar!
* * * LOW HITPOINT WARNING * * *
The orc warrior hits you with a +0 long sword!
You die...

▓▓▓ ##.############## ## $
#..#___#___#__#$##$###$.
#..#...#__)#._#..oo..55.
#..###)#÷###)##ooooo35.∩
#..#....÷.....#o@ooo3o.#
...).⌠........#$#ogoo.$#
...#...######'#$###o####
...#.⌠.#__#...#'#################
...#...#__#...#..≈≈≈'.#.'.).'.#.#
...#'###__#...#.#§≈≈#.#.#)).##.#.
...#):.#__#...'.#§..#.#.#...#.#.#
...#___#__'...#.#..§#...#...##.#.
▓▓▓▓▓▓▓▓▓▓▓▓▓▓▓▓▓▓▓▓▓▓▓▓▓▓▓▓#.#.#


You could see 2 orc knights, a sun demon (summoned), a ynoxinul (summoned), 2
orc sorcerers, 3 orc warriors, an orc priest (strong), 2 orc wizards, 6 orcs, 3
ufetubi and a goblin.

Vanquished Creatures
  Josephine (D)
  A centaur warrior (D)
  A deep elf pyromancer (D)
  An unseen horror (D)
  A shadow (D)
  A spatial vortex (D)
  2 centaurs (D)
  An earth elemental (D)
  A necrophage (D)
  A water elemental (D)
  A jelly (D)
  Jessica (D)
  A necromancer (D)
  3 humans (D)
  A kobold demonologist (D)
  3 wandering mushrooms (D)
  A wolf (D)
  An orc (D)
  2 endoplasms (D)
  A rat (D)
26 creatures vanquished.

Vanquished Creatures (others)
  A wizard (D)
  5 plants (D)
6 creatures vanquished.

Grand Total: 32 creatures vanquished

Notes
Turn   | Place    | Note
-------+----------+-------------------------------------------
     0 | D        | mhtbhm the Minotaur Berserker began the quest for the Orb.
     0 | D        | Reached XP level 1. HP: 19/19 MP: 0/0
    10 | D        | Reached skill level 4 in Axes
   128 | D        | Reached ** piety under Trog
   137 | D        | Noticed Jessica
   142 | D        | Killed Jessica
   143 | D        | Reached skill level 5 in Fighting
   143 | D        | Reached skill level 5 in Axes
   143 | D        | Reached XP level 2. HP: 18/30 MP: 1/1
   143 | D        | Reached XP level 3. HP: 22/37 MP: 2/2
   318 | D        | Reached skill level 6 in Axes
   345 | D        | Gained mutation: You are somewhat resistant to further
                  | mutation. [potion of mutation]
   345 | D        | Gained mutation: Your muscles are strong. (Str +2) [potion
                  | of mutation]
   345 | D        | Gained mutation: Your spells are a little harder to cast,
                  | but a little more powerful. [potion of mutation]
   369 | D        | Noticed a water elemental
   372 | D        | Killed a water elemental
   372 | D        | Reached *** piety under Trog
   373 | D        | Reached skill level 8 in Axes
   373 | D        | Reached XP level 4. HP: 47/47 MP: 3/3
   444 | D        | Found a basalt altar of Yredelemnul.
   444 | D        | Found a shadowy altar of Dithmenos.
   444 | D        | Found a sacrificial altar of Ru.
   444 | D        | Noticed a necrophage
   450 | D        | Reached XP level 5. HP: 53/53 MP: 4/4
   457 | D        | Reached skill level 9 in Axes
   457 | D        | Reached skill level 5 in Dodging
   479 | D        | Found a radiant altar of Vehumet.
   479 | D        | Found a shimmering blue altar of Sif Muna.
   479 | D        | Found an ancient bone altar of Kikubaaqudgha.
   483 | D        | Reached **** piety under Trog
   484 | D        | Reached skill level 10 in Axes
   577 | D        | Found a hide-covered altar of Uskayaw.
   577 | D        | Found an iron altar of Okawaru.
   577 | D        | Found a bloodstained altar of Trog.
   577 | D        | Found an ornate altar of the Wu Jian Council.
   577 | D        | Noticed a human
   577 | D        | Noticed a human
   578 | D        | Found a glowing silver altar of Zin.
   578 | D        | Found a glowing golden altar of the Shining One.
   578 | D        | Found a white marble altar of Elyvilon.
   578 | D        | Noticed a deep elf pyromancer
   582 | D        | Killed a deep elf pyromancer
   583 | D        | Reached skill level 13 in Axes
   583 | D        | Reached skill level 5 in Armour
   583 | D        | Reached XP level 6. HP: 68/68 MP: 5/5
   583 | D        | Reached XP level 7. HP: 74/74 MP: 6/6
   587 | D        | Killed a human
   596 | D        | Killed a human
   596 | D        | Reached ***** piety under Trog
   597 | D        | Reached skill level 14 in Axes
   849 | D        | Noticed a shadow
   863 | D        | Killed a shadow
   864 | D        | Reached XP level 8. HP: 33/85 MP: 7/7
  1120 | D        | Found a blossoming altar of Fedhas.
  1120 | D        | Found a stormy altar of Qazlal.
  1120 | D        | Found a snail-covered altar of Cheibriados.
  1120 | D        | Found a burning altar of Makhleb.
  1120 | D        | Found a shimmering altar of Xom.
  1121 | D        | Found a hazy altar of Hepliaklqana.
  1121 | D        | Found an opulent altar of Gozag.
  1121 | D        | Found a sparkling altar of Nemelex Xobeh.
  1121 | D        | Found a corrupted altar of Lugonu.
  1121 | D        | Found a viscous altar of Jiyva.
  1312 | D        | Noticed Josephine
  1320 | D        | Killed Josephine
  1321 | D        | Reached skill level 16 in Axes
  1321 | D        | Reached skill level 1 in Stealth
  1506 | D        | Noticed a centaur warrior
  1512 | D        | Reached XP level 9. HP: 60/95 MP: 8/8
  1517 | D        | Killed a centaur warrior
  1518 | D        | Reached skill level 15 in Fighting
  1518 | D        | Reached skill level 17 in Axes
  1518 | D        | Reached skill level 10 in Dodging
  1801 | D        | Killed an unseen horror
  1943 | D        | Noticed a wandering mushroom
  1947 | D        | Noticed a wandering mushroom
  1949 | D        | Noticed a wandering mushroom
  2489 | D        | Noticed an orc sorcerer
  2490 | D        | Noticed an orc knight
  2490 | D        | Noticed an orc sorcerer
  2491 | D        | Noticed an orc knight
  2494 | D        | Found Wena's Antique Weapon Emporium.
  2494 | D        | Paralysed by an orc sorcerer for 3 turns
  2497 | D        | Noticed a sun demon
  2497 | D        | HP: 6/145 [orc/+0 morningstar (9)]
  2497 | D        | Mangled by an orc warrior

Illustrated notes

Levels and vault maps discovered:
D:        dungeon_sprint_mu [sprint_mu_entry_cave, sprint_mu_temple_rooms,
          sprint_mu_d1_horrors, sprint_mu_d2_genie, sprint_mu_d3_branching,
          sprint_mu_orc_legion, sprint_mu_elf_gauntlet, sprint_mu_hive_nellie,
          sprint_mu_lair_fedhas, sprint_mu_vaults_butterflies,
          sprint_mu_slime_circle, sprint_mu_swamp_cave, sprint_mu_shoals_archi,
          sprint_mu_blade_basic, sprint_mu_crypt_fortress,
          sprint_mu_tomb_spiral, sprint_mu_vestibule_basic,
          sprint_mu_gehenna_hellfire, sprint_mu_dis_giant,
          sprint_mu_tartarus_statrot, sprint_mu_cocytus_islands, sprint_mu_zot1]

Skill      XL: |  1  2  3  4  5  6  7  8  9 |
---------------+----------------------------+-----
Fighting       | 5 7 8 11 12 14 15 | 15.4
Axes           | 5 8 13 14 16 17 | 17.5
Armour         | 3 4 5 6 |  6.1
Dodging        | 3 4 7 8 9 11 | 11.0
Stealth        | 1 2 |  2.4

Action                   |  1- 3 |  4- 6 |  7- 9 || total
-------------------------+-------+-------+-------++-------
Melee: Hand axe          |    17 |    25 |    85 ||   127
       Headbutt          |       |     5 |    20 ||    25
       Punch             |       |       |     4 ||     4
Invok: Berserk           |     3 |     2 |     6 ||    11
  Use: Potion            |     1 |       |       ||     1
Armor: Animal skin       |       |     1 |     3 ||     4
Dodge: Dodged            |    12 |     7 |    40 ||    59

Table legend: (Time is in decaauts)
 A = Elapsed time spent in this place.
 B = Non-inter-level travel time spent in this place.
 C = Inter-level travel time spent in this place.
 D = Time resting spent in this place.
 E = Time spent auto-exploring this place.
 F = Levels seen in this place.
 G = Mean time per level.
                   A        B        C        D        E       F      G
               +--------+--------+--------+--------+--------+-----+--------+
         Total |   2562 |   2562 |      0 |   2134 |     51 |   1 | 2562.0 |
       Dungeon |   2562 |   2562 |      0 |   2134 |     51 |   1 | 2562.0 |
               +--------+--------+--------+--------+--------+-----+--------+

Top non-repeatable levels by time:
       D: 2562 daAuts
